 Dungeon Crawl Stone Soup version 0.21-a0-630-g344d351 (webtiles) character file.

154 KristoblXynda the Poker (level 5, -3/45 HPs)
             Began as a Naga Warper on Dec 25, 2017.
             Was an Initiate of Okawaru.
             Slain by a water moccasin skeleton (4 damage)
             ... on level 4 of the Dungeon.
             The game lasted 00:11:12 (4535 turns).

KristoblXynda the Poker (Naga Warper)               Turns: 4535, Time: 00:11:13

Health: -3/45      AC:  3    Str: 15    XL:     5   Next: 36%
Magic:  0/8        EV:  9    Int: 13    God:    Okawaru [......]
Gold:   190        SH:  0    Dex: 10    Spells: 4/8 levels left

rFire    . . .     SeeInvis +   a - +0 spear
rCold    . . .     Gourm    .   (no shield)
rNeg     . . .     Faith    .   b - +0 leather armour
rPois    +         Spirit   +   (no helmet)
rElec    .         Reflect  .   (no cloak)
rCorr    .         Harm     .   (no gloves)
MR       .....                  (no barding)
Stlth    ++........             m - amulet of guardian spirit
HPRegen  0.15/turn              j - ring of wizardry
MPRegen  0.11/turn              (no ring)

@: very slow
A: large, see invisible, deformed body, poison resistance, slowness 2, slow
metabolism 1, spit poison 1, AC +1
a: Spit Poison, Renounce Religion


You were on level 4 of the Dungeon.
You worshipped Okawaru.
Okawaru was noncommittal.
You were not hungry.

You visited 1 branch of the dungeon, and saw 4 of its levels.

You collected 190 gold pieces.

Inventory:

Hand Weapons
 a - a +0 spear (weapon)
Missiles
 e - 2 tomahawks of dispersal (quivered)
Armour
 b - a +0 leather armour (worn)
Jewellery
 j - a ring of wizardry (left hand)
 m - an amulet of guardian spirit (around neck)
Scrolls
 d - a scroll of blinking
 g - a scroll of identify
 l - 3 scrolls of remove curse
Books
 c - a book of Spatial Translocations

   Spells                             Type                      Level
   a - Blink                          Translocation                2
   b - Shroud of Golubria             Charms/Translocation         2
   c - Lesser Beckoning               Translocation                3
   d - Gell's Gravitas                Translocation                3
   e - Teleport Other                 Translocation                3
   f - Passage of Golubria            Translocation                4
Comestibles
 f - 6 rations


   Skills:
 - Level 2.0 Fighting
 * Level 4.0 Polearms
 - Level 0.8 Throwing
 + Level 1.6 Armour
 - Level 2.0 Dodging
 + Level 3.6 Stealth
 - Level 2.0 Spellcasting
 - Level 3.0 Translocations


You had 4 spell levels left.
You knew the following spells:

 Your Spells              Type           Power        Failure   Level  Hunger
a - Shroud of Golubria    Chrm/Tloc      #.........   11%         2    ###....
b - Blink                 Tloc           N/A          6%          2    ###....


Dungeon Overview and Level Annotations

Branches:
Dungeon (4/15)
 Temple: D:4-7

Altars:
Okawaru

Annotations:
D:3 Daviar's ghost, amateur OpTm; Grinder


Innate Abilities, Weirdness & Mutations

You cannot wear boots.
Your serpentine skin is tough. (AC +1)
You have supernaturally acute eyesight. (SInv)
Armour fits poorly on your strangely shaped body.
Your system is resistant to poisons. (rPois)
You cover ground very slowly.
You have a slow metabolism.
You can spit poison.


Message History

You climb upwards.
Level annotation: Daviar's ghost, amateur OpTm; Grinder
There is a stone staircase leading down here.
You closely miss the crimson imp. The crimson imp completely misses you.
You miss the crimson imp. The crimson imp barely misses you.
The crimson imp hits you but does no damage.
You climb downwards.
The water moccasin skeleton bites you.
* * * LOW HITPOINT WARNING * * *
The water moccasin skeleton bites you.
* * * LOW HITPOINT WARNING * * *
There is a stone staircase leading up, spattered with blood here.
Casting: Shroud of Golubria
Confirm with . or Enter, or press ? or * to list all spells.
You don't know that spell.
You hit the crimson imp.
The crimson imp is moderately wounded.
The crimson imp hits you.
* * * LOW HITPOINT WARNING * * *
The water moccasin skeleton bites you.
You die...

.#.... ###
......##..##
...........
........+
.....a.#
#.##.....#
#.....Z..#
#@..#
.......5.##
#####.....#
##.(..#
#.#..+ #.
... #. ...#
#. ##..


You could see a worker ant (sleeping), a crimson imp and a water moccasin
skeleton.

Vanquished Creatures
  6 gnolls (D:2)
  4 adders
  An ooze (D:3)
  A dart slug (D:2)
  A leopard gecko (D:3)
  8 bats
  7 giant cockroaches
  4 goblins
  7 hobgoblins
  7 kobolds
  A quokka (D:2)
  2 ball pythons
  2 frilled lizards
  7 rats
58 creatures vanquished.

Notes
Turn   | Place    | Note
-------+----------+-------------------------------------------
     0 | D:1      | KristoblXynda the Naga Warper began the quest for the Orb.
     0 | D:1      | Reached XP level 1. HP: 19/19 MP: 3/3
   464 | D:1      | Reached skill level 1 in Stealth
   557 | D:1      | Reached XP level 2. HP: 22/26 MP: 5/5
   702 | D:1      | Found an iron altar of Okawaru.
   709 | D:1      | Became a worshipper of Warmaster Okawaru
   735 | D:1      | You fall through a shaft!
  1344 | D:2      | Reached XP level 3. HP: 7/32 MP: 6/6
  1601 | D:2      | Reached skill level 3 in Polearms
  1862 | D:2      | Reached skill level 1 in Armour
  2208 | D:2      | Reached XP level 4. HP: 28/39 MP: 7/7
  3143 | D:2      | Reached XP level 5. HP: 40/45 MP: 8/8
  3361 | D:3      | Noticed Daviar's ghost (amateur OpTm)
  3371 | D:3      | Learned a level 2 spell: Shroud of Golubria
  3374 | D:3      | Learned a level 2 spell: Blink
  3388 | D:3      | Noticed Grinder
  3621 | D:3      | Reached skill level 4 in Polearms
  4535 | D:4      | HP: 1/45 [crimson imp (2)]
  4535 | D:4      | Slain by a water moccasin skeleton

Vault maps used:
D:1:      dpeg_arrival_boxorama, okawaru_ov_weapons_minmay
D:2:      kennysheep_generic_room_7
D:3:      grunt_temple_overflow_open, minmay_misc_feat_nine_boxes,
          grunt_ministairs_11, hangedman_abyss_or_decor_lesser_grid,
          roderic_serpentine_path, hangedman_decor_slide_cut, uniq_grinder
D:4:      nicolae_ru_great_annihilating_truth, first_ration, elyvilon_altar_4

Skill      XL: |  1  2  3  4  5 |
---------------+----------------+-----
Stealth        | 1 2 3 |  3.6
Dodging        | 2 |  2.0
Polearms       | 3 4 |  4.0
Armour         | 1 |  1.6
Fighting       | |  2.0
Throwing       | |  0.8
Spellcasting   | |  2.0
Translocations | |  3.0

Action                   |  1- 3 |  4- 6 || total
-------------------------+-------+-------++-------
Melee: Spear             |   122 |   225 ||   347
Throw: Tomahawk          |     1 |    11 ||    12
 Cast: Blink             |       |     2 ||     2
       Shroud of Golubri |       |     1 ||     1
 Abil: Spit Poison       |    13 |    30 ||    43
  Use: Potion            |     1 |     3 ||     4
       Scroll            |       |     5 ||     5
 Stab: Sleeping          |     2 |     1 ||     3
  Eat: Chunk             |     3 |     3 ||     6
       Ration            |       |     2 ||     2
Armor: Leather armour    |    27 |    52 ||    79
Dodge: Dodged            |    52 |   109 ||   161

Table legend:
 A = Spawn XP
 B = Non-spawn XP
 C = Spawn XP percentage of total XP
 D = Spawn monster count
 E = Non-spawn monster count
 F = Spawn count percentage of total count
 G = Total turns spent on level
                    A         B        C        D         E        F      G
               +---------+---------+-------+---------+---------+-------+---------
         Total |       0 |     221 |   0.0 |       0 |      58 |   0.0 |  4535
               +---------+---------+-------+---------+---------+-------+---------
           D:1 |       0 |      31 |   0.0 |       0 |      21 |   0.0 |  1325
           D:2 |       0 |     134 |   0.0 |       0 |      20 |   0.0 |  1895
           D:3 |       0 |      56 |   0.0 |       0 |      17 |   0.0 |  1312
               +---------+---------+-------+---------+---------+-------+---------
